 Dungeon Crawl Stone Soup version 0.29.0-4-gdea44cf6ec (webtiles) character file.

Game seed: 17354639318153776878

60 sanka the Slasher (level 3, -7/20 HPs)
             Began as a Deep Elf Gladiator on Aug 26, 2022.
             Mangled by Sigmund
             ... wielding a +2 vorpal scythe
              (12 damage)
             ... on level 2 of the Dungeon.
             The game lasted 00:01:58 (1629 turns).

sanka the Slasher (Deep Elf Gladiator)              Turns: 1629, Time: 00:01:59

Health: -7/20      AC:  5    Str: 11    XL:     3   Next: 82%
Magic:  5/5        EV: 13    Int: 14    God:
Gold:   114        SH:  0    Dex: 16    Spells: 2/2 levels left

rFire   . . .      SeeInvis .   a - +0 long sword
rCold   . . .      Faith    .   (no shield)
rNeg    . . .      Spirit   .   b - +0 leather armour
rPois   .          Reflect  .   c - +0 helmet
rElec   .          Harm     .   (no cloak)
rCorr   .          Rampage  .   o - +0 pair of gloves
Will    .....                   (no boots)
Stlth   +++.......              k - amulet of the acrobat
HPRegen 0.06/turn               n - ring of Shadows {Umbra +Inv Stlth+}
MPRegen 0.09/turn               s - ring of flight

@: flying, wreathed by umbra
A: no striking features
a: Evoke Invisibility


You were on level 2 of the Dungeon.
You visited 1 branch of the dungeon, and saw 2 of its levels.

You collected 114 gold pieces.

Inventory:

Hand Weapons
 a - a +0 long sword (weapon)
Armour
 b - a +0 leather armour (worn)
 c - a +0 helmet (worn)
 o - a +0 pair of gloves (worn)
Jewellery
 f - a ring of ice
 k - an amulet of the acrobat (around neck)
 n - the ring of Shadows (left hand) {Umbra +Inv Stlth+}
   (You found it on level 2 of the Dungeon)

   [ring of stealth]

   It surrounds you with an aura of shadow, increasing your stealth and reducing
   the accuracy of all others within it.
   +Inv:      It lets you turn invisible.
   Stlth:     It makes you more stealthy.
 s - a ring of flight (right hand)
Scrolls
 g - a scroll of summoning {unknown}
 l - 3 scrolls of identify {unknown}
 p - a scroll of acquirement {unknown}
 q - a scroll of poison {unknown}
 r - a scroll of teleportation {unknown}
Potions
 h - a potion of mutation {unknown}
 i - a potion of attraction {unknown}
 j - 2 potions of heal wounds {unknown}
 m - 2 potions of magic {unknown}
 t - a potion of curing {unknown}


   Skills:
 - Level 1.5 Fighting
 + Level 4.3 Long Blades
 - Level 2.0 Throwing
 - Level 3.6 Dodging


You had 2 spell levels left.
You didn't know any spells.
Your spell library contained the following spells:

 Spells                   Type           Power      Damage    Failure   Level
 Blink                    Tloc           0%         N/A       50%         2
 Lesser Beckoning         Tloc           0%         N/A       75%         3
 Ozocubu's Armour         Ice            0%         N/A       75%         3
 Manifold Assault         Tloc           0%         N/A       100%        5
 Ozocubu's Refrigeration  Ice            0%         4d7       100%        7


Dungeon Overview and Level Annotations

Branches:
Dungeon (2/15)

Altars:
Hepliaklqana

Annotations:
D:2 Sigmund


Message History

Throw: javelin
Press: ? - help, Q - select action, (/) - cycle Shift-Dir - straight line, f/p - Sigmund
Aim: Sigmund, wielding a +2 vorpal scythe and wearing a +0 robe (moderately wounded, umbra, 57% to hit)
You throw a javelin. The javelin barely misses Sigmund.
Sigmund misses you.
You slash Sigmund!
Sigmund is severely wounded.
Unknown command.
You closely miss Sigmund.
Sigmund is severely wounded.
Sigmund screams, "Don't try to resist!"
Sigmund casts a spell at you.
You are confused.
Sigmund barely misses you.
Unknown command.
You are too confused!
Unknown command.
You are too confused!
Unknown command.
You are too confused!
Unknown command.
You are too confused!
Unknown command.
You're too confused to move!
Unknown command.
Sigmund attacks as you move away! Sigmund misses you.
Sigmund completely misses you.
Unknown command.
You bump into the rock wall.
You're too confused to move!
Sigmund hits you from afar with a +2 vorpal scythe!
Ouch! That really hurt!
* * * LOW HITPOINT WARNING * * *
Unknown command.
Unknown command.
You bump into the rock wall.
You feel less confused.
Sigmund hits you from afar with a +2 vorpal scythe!
Ouch! That really hurt!
You die...

#########
#...†.@.#
#####
#.#####.#
#...#######..#
#@#
#.#..........#
#.# #
#.############
#.# ##.
#............
#.# ...
#.#########..#
#.# #######.#
#.# ####.#.#
#.# .......#
#.# ..... #
#(. #########


You could see Sigmund.

Vanquished Creatures
  Terence (D:2)
  A worm (D:2)
  3 dart slugs
  3 ball pythons
  2 bats
  An endoplasm (D:2)
  4 goblins
  4 hobgoblins
  3 kobolds
  A frilled lizard (D:1)
  2 rats (D:1)
25 creatures vanquished.

Notes
Turn   | Place    | Note
-------+----------+-------------------------------------------
     0 | D:1      | sanka the Deep Elf Gladiator began the quest for the Orb.
     0 | D:1      | Reached XP level 1. HP: 12/12 MP: 3/3
     3 | D:1      | Noticed an electric eel
     4 | D:1      | Noticed an electric eel
    71 | D:1      | Reached skill level 3 in Long Blades
   145 | D:1      | Reached XP level 2. HP: 16/16 MP: 4/4
   155 | D:1      | Found a faded altar of an unknown god.
   687 | D:2      | Found the ring of Shadows {Umbra +Inv Stlth+}
   841 | D:2      | Reached XP level 3. HP: 20/20 MP: 5/5
   859 | D:2      | Noticed Terence
   886 | D:2      | Killed Terence
   887 | D:2      | Reached skill level 4 in Long Blades
  1121 | D:2      | Found a hazy altar of Hepliaklqana.
  1617 | D:2      | Noticed Sigmund
  1629 | D:2      | Mangled by Sigmund

Illustrated notes

Levels and vault maps discovered:
D:1:      arrival_aquarium_b, layout_loops_cross,
          dreamdust_ecumenical_altar_statues, minmay_tripent
D:2:      layout_loops_ring, serial_co_window_serial, co_window_paths_b,
          co_window_paths_b, co_window_paths_a, co_window_paths_b,
          co_window_of_opportunity_a, co_window_corner_ca,
          co_window_unsneaky_path_b, co_window_broadway_b,
          co_window_of_opportunity_c, co_window_corner_b, co_window_broadway_c,
          co_window_4corner_b, basic_altar, minmay_surrounded,
          uniq_crazy_yiuf_cottage, uniq_sigmund, uniq_terence

Skill      XL: |  1  2  3 |
---------------+----------+-----
Long Blades    | 3 4 |  4.3
Fighting       | |  1.5
Throwing       | |  2.0
Dodging        | |  3.6

Action                   || total
-------------------------++-------
Melee: Long sword        ||    67
Throw: Throwing net      ||     5
       Javelin           ||     1
 Stab: Sleeping          ||     4
       Held in net/web   ||     1
Armor: Leather armour    ||    10
Dodge: Dodged            ||    57
